 Dungeon Crawl Stone Soup version 0.24.0-123-gd5b16e6ec5 (webtiles) character file.

Game seed: 9860195116230033745, levelgen mode: deterministic

40 Draugr the Magician (level 3, 0/19 HPs)
             Began as a Deep Elf Conjurer on Feb 7, 2020.
             Slain by an adder (3 damage)
             ... on level 2 of the Dungeon.
             The game lasted 00:06:44 (2287 turns).

Draugr the Magician (Deep Elf Conjurer)             Turns: 2287, Time: 00:06:44

Health: 0/19       AC:  2    Str: 10    XL:     3   Next: 30%
Magic:  2/11       EV: 13    Int: 20    God:
Gold:   54         SH:  0    Dex: 15    Spells: 9/12 levels left

rFire    . . .     SeeInvis .   (no weapon)
rCold    . . .     Gourm    .   (no shield)
rNeg     . . .     Faith    .   a - +0 robe
rPois    .         Spirit   .   (no helmet)
rElec    .         Reflect  .   (no cloak)
rCorr    .         Harm     .   (no gloves)
MR       .....                  (no boots)
Stlth    ++........             (no amulet)
HPRegen  0.06/turn              (no ring)
MPRegen  0.12/turn              (no ring)

@: mighty
A: no striking features
a: no special abilities


You were on level 2 of the Dungeon.
You were not hungry.

You visited 1 branch of the dungeon, and saw 2 of its levels.

You collected 54 gold pieces.

Inventory:

Armour
 a - a +0 robe (worn)
Scrolls
 b - 4 scrolls of remove curse
 e - 3 scrolls of identify
 f - a scroll of immolation {unknown}
 h - a scroll of magic mapping {unknown}
Potions
 d - 2 potions of might
 g - a potion of flight {unknown}
Comestibles
 c - 6 rations


   Skills:
 - Level 2.4 Dodging
 - Level 2.4 Stealth
 + Level 5.2 Spellcasting
 - Level 4.3 Conjurations


You had 9 spell levels left.
You knew the following spells:

 Your Spells              Type           Power        Failure   Level  Hunger
a - Magic Dart            Conj           ###.         1%          1    None
b - Searing Ray           Conj           ###...       2%          2    None

Your spell library contained the following spells:

 Spells                   Type           Power        Failure   Level  Hunger
 Dazzling Spray           Conj/Hex       ##....       14%         3    ##.....
 Iskenderun's Mystic Bla  Conj           ###.....     19%         4    ####...
 Force Lance              Conj/Tloc      ##......     41%         4    ####...
 Fulminant Prism          Conj/Hex       ##........   41%         4    ####...


Dungeon Overview and Level Annotations

Branches:
Dungeon (2/15)

Altars:


Message History

The adder bites you. The adder bites you.
You see here 14 bolts.
The adder completely misses you.
As you read the scroll labeled CAWIGA REF XOV, it crumbles to dust.
It is a scroll of identify.
b - 4 scrolls of remove curse The adder bites you.
It was a potion of might.
You feel very mighty all of a sudden. The adder barely misses you.
You closely miss the adder.
The adder is severely wounded.
The adder bites you.
* * * LOW HITPOINT WARNING * * *
The adder bites you but does no damage.
You barely miss the adder.
The adder is severely wounded.
The adder bites you.
You die...

###..## ###.##.###### #.....####
#..)##.# #.###....# #.####.# ..
####.# #.# #.# ## ## #.# #.# #.#
## ....##### #(# ##.# #.### #.
#......##### #.###..####...###.
####.....###S.........<......
......(........@................
#.##########....†..########...##
######.....##...# ###.##
........#.#####.########..#
#######....................
#......#######...#####.#
####...## ###.# #.. #)#..##
#.### ##. #####.##..## #...####.


You could see an adder.

Vanquished Creatures
  A dart slug (D:1)
  A leopard gecko (D:1)
  6 bats
  3 giant cockroaches
  5 goblins
  5 hobgoblins
  2 jackals (D:2)
  3 kobolds
  A ball python (D:1)
  4 frilled lizards (D:2)
  4 rats
35 creatures vanquished.

Notes
Turn   | Place    | Note
-------+----------+-------------------------------------------
     0 | D:1      | Draugr the Deep Elf Conjurer began the quest for the Orb.
     0 | D:1      | Reached XP level 1. HP: 10/10 MP: 6/6
   502 | D:1      | Reached skill level 4 in Spellcasting
   502 | D:1      | Reached XP level 2. HP: 15/15 MP: 6/9
   506 | D:1      | Learned a level 2 spell: Searing Ray
  1464 | D:2      | Found a faded altar of an unknown god.
  1809 | D:2      | Reached XP level 3. HP: 19/19 MP: 9/11
  1815 | D:2      | Reached skill level 5 in Spellcasting
  2287 | D:2      | Slain by an adder

Levels and vault maps discovered:
D:1:      lemuel_arrival_hallway, layout_basic
D:2:      layout_rooms, chequers_ecumenical_altar_island, minmay_tromino_v4_b

Skill      XL: |  1  2  3 |
---------------+----------+-----
Spellcasting   | 4 5 |  5.2
Dodging        | |  2.4
Stealth        | |  2.4
Conjurations   | |  4.3

Action                   || total
-------------------------++-------
Melee: Unarmed           ||     2
 Cast: Magic Dart        ||    48
       Searing Ray       ||    23
  Use: Scroll            ||     1
       Potion            ||     1
  Eat: Chunk             ||     4
Armor: Robe              ||    10
Dodge: Dodged            ||    23
